 Dungeon Crawl Stone Soup version 0.20.1-1-g8b1a95d (webtiles) character file.

20 tidbits the Insei (level 2, 0/23 HPs)
             Began as a Demigod Transmuter on Aug 20, 2017.
             Slain by a ball python (1 damage)
             ... on level 2 of the Dungeon.
             The game lasted 00:04:13 (460 turns).

tidbits the Insei (Demigod Transmuter)               Turns: 460, Time: 00:04:14

Health: 0/23       AC:  3    Str: 13    XL:     2   Next: 42%
Magic:  7/7        EV: 10    Int: 17    God:
Gold:   22         SH:  0    Dex: 16    Spells: 1/4 levels left

rFire    . . .     SeeInvis .   g - +2 dagger (venom)
rCold    . . .     Gourm    .   (no shield)
rNeg     . . .     Faith    .   b - +1 robe
rPois    .         Spirit   .   (no helmet)
rElec    .         Reflect  .   (no cloak)
rCorr    .         Harm     .   (no gloves)
MR       +....                  (no boots)
Stlth    ..........             (no amulet)
Regen    0.1/turn               H - ring of protection from magic
MPRegen  0.1/turn               e - ring of loudness

@: constricted
A: high mp 1
a: no special abilities


You were on level 2 of the Dungeon.
You were not hungry.

You visited 1 branch of the dungeon, and saw 2 of its levels.

You collected 22 gold pieces.

Inventory:

Hand Weapons
 g - a +2 dagger of venom (weapon)
   (You found it on level 1 of the Dungeon)
Missiles
 a - 21 arrows
Armour
 b - a +1 robe (worn)
Jewellery
 e - a ring of loudness (right hand)
   (You found it on level 1 of the Dungeon)
 H - a ring of protection from magic (left hand)
   (You found it on level 1 of the Dungeon)
 P - an uncursed ring of poison resistance
   (You found it on level 1 of the Dungeon)
Scrolls
 f - 2 scrolls of identify
 m - a scroll of magic mapping {unknown}
 n - a scroll of fear {unknown}
Potions
 h - a potion of resistance
Books
 c - a book of Changes

   Spells                             Type                      Level
   a - Beastly Appendage              Transmutation                1
   b - Sticks to Snakes               Transmutation                2
   c - Spider Form                    Transmutation/Poison         3
   d - Ice Form                       Ice/Transmutation            4
   e - Blade Hands                    Transmutation                5
Comestibles
 d - a bread ration
 l - a meat ration


   Skills:
 - Level 1.6 Fighting
 - Level 2.1 Dodging
 - Level 3.0 Unarmed Combat
 + Level 1.7 Spellcasting
 + Level 1.7 Transmutations


You had one spell level left.
You knew the following spells:

 Your Spells              Type           Power        Failure   Level  Hunger
e - Beastly Appendage     Tmut           #.....       10%         1    #......
k - Sticks to Snakes      Tmut           #.......     14%         2    ###....


Dungeon Overview and Level Annotations

Branches:
Dungeon (2/15)

Annotations:
D:2 Sigmund


Innate Abilities, Weirdness & Mutations

You have an increased reservoir of magic. (+10% MP)


Message History

You barely miss the adder. Your kick misses the adder.
The adder is moderately wounded.
Your transformation is almost over.
The adder closely misses you.
You miss the adder. Your kick misses the adder.
The adder is moderately wounded.
The adder bites you.
* * * LOW HITPOINT WARNING * * *
You hit the adder.
You kill the adder!
Your Dodging skill increases to level 2!
You have reached level 2!
You feel sick. The quokka misses you.
It was a potion of heal wounds.
You feel much better. The quokka bites you.
You miss the quokka. The quokka bites you.
You barely miss the quokka. You claw the quokka.
The quokka is almost dead.
The quokka bites you.
You barely miss the quokka. You claw the quokka.
You kill the quokka!
You feel sick.
You hit the kobold.
You kill the kobold!
Things that are here:
a kobold corpse; a quokka corpse Memorise Sticks to Snakes, consuming 2 spell levels and leaving 1?
Your talons disappear.
You start memorising the spell.
You continue memorising.
You feel sick.
You continue memorising.
You finish memorising.
Spell assigned to 'k'.
You feel sick.
You are no longer poisoned.
A ball python comes into view.
The ball python hisses angrily.
The ball python moves out of view.
Sigmund points at you and mumbles some strange words.
You are confused.
You bump into the rock wall.
Okay, then.
You're too confused to move!
Sigmund gestures at you while chanting.
You are more confused.
You hear a shout!
You're too confused to move!
You bump into the rock wall.
You're too confused to move!
The ball python barely misses you. The ball python closely misses you.
Put on which piece of jewellery? (? for menu, Esc to quit)
You remove your ring of poison resistance.
H - a ring of protection from magic (left hand)
The ball python closely misses you. The ball python barely misses you.
You bump into the rock wall.
The ball python closely misses you. The ball python grabs you.
The ball python constricts you.
You miss the ball python. The ball python closely misses you.
The ball python constricts you.
A worm comes into view.
You barely miss the ball python. The ball python bites you.
* * * LOW HITPOINT WARNING * * *
x2 The ball python constricts you.
The ball python barely misses you. The ball python constricts you.
You completely miss the ball python. The ball python closely misses you.
* * * LOW HITPOINT WARNING * * *
The ball python constricts you.
You closely miss the ball python. The ball python barely misses you.
* * * LOW HITPOINT WARNING * * *
The ball python constricts you.
You barely miss the ball python. The ball python closely misses you.
* * * LOW HITPOINT WARNING * * *
The ball python constricts you.
You bump into the rock wall.
The ball python closely misses you. The ball python constricts you.
Sigmund misses you.
A rat comes into view.
You escape the ball python's grasp.
You feel less confused. The ball python barely misses you.
The ball python closely misses you.
Sigmund mumbles some strange words.
Sigmund flickers and vanishes!
Deactivating autopickup; reactivate with Ctrl-A.
The ball python closely misses you. The ball python grabs you.
The ball python constricts you.
Okay, then.
The ball python's grasp on you weakens, but your attempt to escape fails.
The ball python bites you.
* * * LOW HITPOINT WARNING * * *
The ball python constricts you.
You escape the ball python's grasp.
As you read the scroll labeled OSA URAUMIACK, it crumbles to dust.
It is a scroll of enchant armour.
Your +0 robe glows green for a moment.
The ball python bites you but does no damage.
The ball python completely misses you.
As you read the scroll labeled CAJYHI KOROPHA, it crumbles to dust.
You feel as if something is helping you.
It was a scroll of remove curse.
Something hits you.
* * * LOW HITPOINT WARNING * * *
The ball python bites you.
* * * LOW HITPOINT WARNING * * *
The ball python grabs you.
You die...

# ######...## ###..#
##..## ##....##
#...♣..# #......#
######
##.....##.....#
#.....#......#
#...###{S@.....#
...## #..####.###
### ##w## #..# #.##
## #>.....#
#####...........
......#...........
#.@.................


You could see a worm and a ball python.

Vanquished Creatures
  An adder (D:2)
  A bat (D:1)
  A giant cockroach (D:1)
  A goblin (D:1)
  A hobgoblin (D:1)
  A quokka (D:2)
  A ball python (D:1)
  A frilled lizard (D:1)
  A kobold (D:2)
  3 rats
12 creatures vanquished.

Notes
Turn   | Place    | Note
-------+----------+-------------------------------------------
     0 | D:1      | tidbits the Demigod Transmuter began the quest for the Orb.
     0 | D:1      | Reached XP level 1. HP: 15/15 MP: 5/5
   101 | D:2      | Noticed Sigmund
   121 | D:1      | Reached skill level 3 in Unarmed Combat
   155 | D:1      | Reached skill level 1 in Fighting
   414 | D:2      | Reached skill level 2 in Dodging
   414 | D:2      | Reached XP level 2. HP: 11/23 MP: 5/7
   424 | D:2      | Learned a level 2 spell: Sticks to Snakes
   460 | D:2      | HP: 1/23 [ball python (2)]
   460 | D:2      | Slain by a ball python

Skill      XL: |  1 |
---------------+----+-----
Unarmed Combat | 3 |  3.0
Fighting       | 1 |  1.6
Dodging        | 2 |  2.1
Spellcasting   | |  1.7
Transmutations | |  1.7

Action                   || total
-------------------------++-------
Melee: Dagger            ||    25
       Unarmed           ||    13
       Kick              ||     4
       Headbutt          ||     2
 Cast: Beastly Appendage ||     6
  Use: Scroll            ||     4
       Potion            ||     1
Armor: Robe              ||     7
Dodge: Dodged            ||    37

Table legend:
 A = Turns spent in this place as a percentage of turns spent in the entire game.
 B = Non-inter-level travel turns spent in this place as a percentage of non-inter-level travel turns spent in the entire game.
 C = Inter-level travel turns spent in this place as a percentage of turns spent in this place.
 D = Turns resting spent in this place as a percentage of non-inter-level travel turns spent in this place.
 E = Turns spent auto-exploring this place as a percentage of non-inter-level travel turns spent in this place.
 F = Non-inter-level travel turns spent in this place divided by the number of levels of this place that you've seen.
                   A       B       C       D       E      F
               +-------+-------+-------+-------+-------+----------------------
         Total | 100.0 | 100.0 |   0.0 |   0.0 |   0.0 | 218.5
       Dungeon | 100.0 | 100.0 |   0.0 |   0.0 |   0.0 | 218.5
               +-------+-------+-------+-------+-------+----------------------

Table legend:
 A = Kills in this place as a percentage of kills in entire the game.
 B = Kills by you in this place as a percentage of kills by you in the entire game.
 C = Kills by friends in this place as a percentage of kills by friends in the entire game.
 D = Other kills in this place as a percentage of other kills in the entire game.
 E = Experience gained in this place as a percentage of experience gained in the entire game.
 F = Experience gained in this place divided by the number of levels of this place that you have seen.
                   A       B       C       D       E      F
               +-------+-------+-------+-------+-------+----------------------
         Total | 100.0 | 100.0 |  -nan |  -nan | 100.0 |  14.5
       Dungeon | 100.0 | 100.0 |  -nan |  -nan | 100.0 |  14.5
               +-------+-------+-------+-------+-------+----------------------

Vault maps used:
D:1:      onia_arrival_mini_spirals
D:2:      cheibrodos_greedy_goblins, serial_park_tiny_1, uniq_sigmund
